 Dungeon Crawl Stone Soup version 0.23-a0-673-g3803c42f16 (webtiles) character file.

16 Notair the Chopper (level 2, -7/25 HPs)
             Began as a Minotaur Gladiator on Jan 9, 2019.
             Killed by divine providence
             ... invoked by an orc priest
              (12 damage)
             ... on level 2 of the Dungeon.
             The game lasted 00:02:23 (798 turns).

Notair the Chopper (Minotaur Gladiator)              Turns: 798, Time: 00:02:23

Health: -7/25      AC:  4    Str: 18    XL:     2   Next: 41%
Magic:  1/1        EV: 12    Int:  5    God:
Gold:   55         SH:  0    Dex: 11    Spells: 1/1 levels left

rFire    . . .     SeeInvis .   a - +0 war axe
rCold    . . .     Gourm    .   (no shield)
rNeg     . . .     Faith    .   b - +0 leather armour
rPois    .         Spirit   .   c - +0 hat
rElec    .         Reflect  .   (no cloak)
rCorr    .         Harm     .   l - +0 pair of gloves
MR       .....                  (no boots)
Stlth    +.........             (no amulet)
HPRegen  0.08/turn              (no ring)
MPRegen  0.07/turn              (no ring)

@: no status effects
A: retaliatory headbutt, horns 2
a: no special abilities


You were on level 2 of the Dungeon.
You were not hungry.

You visited 1 branch of the dungeon, and saw 2 of its levels.

You collected 55 gold pieces.

Inventory:

Hand Weapons
 a - a +0 war axe (weapon)
 j - a +0 hunting sling
Missiles
 d - 3 throwing nets (quivered)
 i - 17 sling bullets
 m - 41 stones
 p - 19 arrows
Armour
 b - a +0 leather armour (worn)
 c - a +0 hat (worn)
 l - a +0 pair of gloves (worn)
Scrolls
 e - a scroll of amnesia {unknown}
 g - a scroll of identify {unknown}
 h - a scroll of immolation {unknown}
 k - 3 scrolls of teleportation {unknown}
 o - a scroll of remove curse {unknown}
Potions
 n - a potion of berserk rage {unknown}
Comestibles
 f - 3 rations


   Skills:
 + Level 2.8 Fighting
 * Level 4.2 Axes
 - Level 2.0 Throwing
 + Level 1.0 Armour
 - Level 3.2 Dodging


You had one spell level left.
You didn't know any spells.
Your spell library was empty.

Dungeon Overview and Level Annotations

Branches:
Dungeon (2/15)

Altars:


Innate Abilities, Weirdness & Mutations

You reflexively headbutt those who attack you in melee.
You have a pair of horns on your head.


Message History

The orc misses you.
You closely miss the orc priest.
The orc priest is lightly wounded.
You hit the orc.
The orc wizard mumbles some strange words.
The orc wizard blinks!
The orc priest begins to cast a cantrip, but forgets the words!
A ball python comes into view.
The orc closely misses you. You furiously retaliate!
You headbutt the orc.
You kill the orc!
The ball python hisses angrily.
You closely miss the orc priest.
The orc priest is lightly wounded.
The orc priest hits you but does no damage. x2
A frilled lizard comes into view.
You closely miss the orc priest. Your headbutt misses the orc priest.
The orc priest is lightly wounded.
The orc priest mumbles some strange prayers to Beogh against you.
Beogh smites you!
You die...

#...[.........##
...............#
...............#
...............#
........<..)...#
......†........#
...............#
#..............##########
##.....#.....#..@oh.S..l.
#########.######g.....##
#.# ..####o.. #.# ...# #
#.. ....# ##. .....#
...r... #.....#.


You could see an orc priest, an orc wizard, a jackal, a goblin, a ball python
and a frilled lizard.

Vanquished Creatures
  3 orcs (D:2)
  A ball python (D:1)
  A bat (D:1)
  A giant cockroach (D:2)
  A hobgoblin (D:1)
  3 kobolds
  A frilled lizard (D:1)
  2 rats
13 creatures vanquished.

Notes
Turn   | Place    | Note
-------+----------+-------------------------------------------
     0 | D:1      | Notair the Minotaur Gladiator began the quest for the Orb.
     0 | D:1      | Reached XP level 1. HP: 18/18 MP: 0/0
   448 | D:1      | Reached skill level 4 in Axes
   751 | D:2      | Reached XP level 2. HP: 25/25 MP: 1/1
   792 | D:2      | Reached skill level 1 in Armour
   798 | D:2      | Killed from afar by an orc priest

Vault maps used:
D:1:      psy_arrival_wood_between_worlds
D:2:      nicolae_overflow_crystal_walls, serial_corexii_hall,
          chequers_hall_statues_corner_a, chequers_hall_statues_wall_a,
          first_ration, minivault_11, minmay_pentomino_s4

Skill      XL: |  1  2 |
---------------+-------+-----
Axes           | 4 |  4.2
Armour         | 1 |  1.0
Fighting       | |  2.8
Throwing       | |  2.0
Dodging        | |  3.2

Action                   || total
-------------------------++-------
Melee: War axe           ||    24
       Headbutt          ||     7
Armor: Leather armour    ||     8
Dodge: Dodged            ||    16

Table legend:
 A = Non-vault XP
 B = Vault XP
 C = Vault XP percentage of total XP
 D = Non-vault monster count
 E = Vault monster count
 F = Vault count percentage of total count
                 A         B        C        D         E       F
            +---------+---------+-------+---------+---------+-------
      Total |      24 |       0 |   0.0 |      13 |       0 |   0.0
            +---------+---------+-------+---------+---------+-------
        D:1 |      11 |       0 |   0.0 |       7 |       0 |   0.0
        D:2 |      13 |       0 |   0.0 |       6 |       0 |   0.0
            +---------+---------+-------+---------+---------+-------
